 Dungeon Crawl Stone Soup version 0.21.1-1-g345015fe64 (webtiles) character file.

7140 Gargoyl the Schismatic (level 10, 0/126 HPs)
             Began as a Centaur Abyssal Knight on Mar 30, 2018.
             Was an Elder of Lugonu.
             Killed by divine providence
             ... invoked by an orc priest
              (8 damage)
             ... on level 10 of the Dungeon.
             The game lasted 00:19:53 (14046 turns).

Gargoyl the Schismatic (Centaur Abyssal Knight)    Turns: 14046, Time: 00:19:54

Health: 0/126      AC: 27    Str: 16    XL:     10   Next: 85%
Magic:  16/16      EV:  1    Int: 11    God:    Lugonu [****..]
Gold:   527        SH:  8    Dex: 11    Spells: 9/9 levels left

rFire    . . .     SeeInvis +   a - +3 hand axe
rCold    . . .     Gourm    .   v - +0 shield
rNeg     + + +     Faith    .   (armour currently unavailable)
rPois    +         Spirit   .   (helmet currently unavailable)
rElec    .         Reflect  .   (cloak currently unavailable)
rCorr    .         Harm     .   (gloves currently unavailable)
MR       .....     NoTele   +   (no barding)
Stlth    +.........             (no amulet)
HPRegen  0.31/turn              s - ring of see invisible
MPRegen  0.15/turn              f - +2 ring of protection

@: tree-form
A: large
a: Depart the Abyss, Bend Space, Banish, Corrupt, Renounce Religion


You were on level 10 of the Dungeon.
You worshipped Lugonu.
Lugonu was greatly pleased with you.
You were hungry.
You were a tree.
You visited 1 branch of the dungeon, and saw 10 of its levels.
You visited the Abyss 1 time.

You collected 527 gold pieces.

Inventory:

Hand Weapons
 a - a +3 hand axe (weapon)
Missiles
 q - 3 tomahawks (quivered)
Armour
 e - a +0 plate armour (melded)
 n - a +2 helmet (melded)
 v - a +0 shield (worn)
 F - a +1 pair of gloves of strength (melded)
Jewellery
 f - a +2 ring of protection (right branch)
 s - a ring of see invisible (left branch)
Wands
 w - a wand of paralysis (5)
 y - a wand of flame (97)
Scrolls
 b - a scroll of magic mapping
 i - 6 scrolls of teleportation
 j - a scroll of remove curse
 l - a scroll of fog
 x - a scroll of amnesia
 z - 2 scrolls of identify
 B - 3 scrolls of fear
 G - a scroll of blinking
Potions
 d - 5 potions of lignification
 g - 2 potions of resistance {unknown}
 h - 2 potions of brilliance
 k - 2 potions of agility
 m - 2 potions of heal wounds {unknown}
 o - 2 potions of ambrosia
 p - a potion of magic {unknown}
 r - 2 potions of invisibility
 t - a potion of berserk rage
 u - 2 potions of curing
 A - a potion of degeneration {unknown}
 C - 2 potions of flight {unknown}
 D - a potion of might {unknown}
Books
 H - a book of Conjurations

   Spells                             Type                      Level
   a - Magic Dart                     Conjuration                  1
   b - Searing Ray                    Conjuration                  2
   c - Dazzling Spray                 Conjuration/Hexes            3
   d - Fulminant Prism                Conjuration/Hexes            4
   e - Force Lance                    Conjuration/Translocation    4
   f - Iskenderun's Mystic Blast      Conjuration                  4
Comestibles
 c - 13 rations


   Skills:
 + Level 6.6 Fighting
 + Level 7.3 Axes
 * Level 8.0 Armour
 + Level 1.5 Dodging
 + Level 3.2 Shields
 * Level 8.5 Invocations


You had 9 spell levels left.
You didn't know any spells.

Dungeon Overview and Level Annotations

Branches:
Dungeon (10/15)            Temple (0/1) D:5
   Lair: D:8-11         Orc: D:9-12

Altars:
Ru
Trog
Vehumet
The Shining One

Shops:
D:4 %


Innate Abilities, Weirdness & Mutations

((You have hooves in place of feet.))
((Armour fits poorly on your strangely shaped body.))
((You cover ground very quickly.))
((You have extremely tough skin. (AC +3)))


Message History

The orc priest barely misses you.
Unknown command.
You turn into a tree.
Your +2 helmet melds into your body.
Your +1 pair of gloves of strength melds into your body.
Your +0 plate armour melds into your body.
You feel weaker.
Your roots penetrate the ground.
The orc priest hits you but does no damage.
You hit the orc priest.
The orc priest is almost dead.
The orc priest calls down the wrath of Beogh upon you.
Beogh smites you!
* * * LOW HITPOINT WARNING * * *
You hear a shout!
You barely miss the orc priest.
The orc priest is almost dead.
The orc priest looks encouraged for a moment.
The orc priest invokes the aid of Beogh against you.
Beogh smites you!
You die...

.........##.....##.#.############
....#....##.....#.......#
.####....##.....#[.#.##.#
.####................##.#
...##........#.###.#.##.#
...##.#####........#.####
............##.......# #
......########.########...#
................♣ooo.......
...##.#######..####o.......
...#### #..# #.......o ...# #..#
#...#...# ...# #[.# ##### 8##
#.## # # #+# # #.# #.#


You could see 2 orc priests and 2 orcs.

Vanquished Creatures
  Joseph (D:7)
  A troll (D:10)
  Grinder (D:6)
  Sigmund (D:6)
  The ghost of tensugalgo the Skirmisher, an amateur NaWn (D:3)
  A hippogriff (D:8)
  A wraith (D:8)
  2 wyverns (D:8)
  Menkaure (D:3)
  A soldier ant (D:9)
  4 orc warriors
  3 ice beasts
  A black bear (D:8)
  A sky beast (D:4)
  A phantom (D:10)
  3 ogres
  2 centaurs
  A crocodile (D:8)
  2 big kobolds
  5 bullfrogs
  A wyvern skeleton (D:6)
  3 scorpions
  9 killer bees
  6 wights
  4 howler monkeys
  7 crimson imps
  A centaur zombie (D:6)
  3 quasits
  A bullfrog zombie (D:5)
  2 orc priests
  7 orc wizards
  Ijyb (D:3)
  Natasha (thrice) (D:2)
  3 iguanas
  6 worker ants
  A hound skeleton (D:5)
  A worker ant zombie (D:10)
  3 gnolls (D:4)
  9 adders
  A shadow imp (D:10)
  2 oozes
  An adder skeleton (D:5)
  2 adder zombies
  2 dart slugs
  2 leopard geckos
  25 orcs
  3 giant cockroaches
  8 hobgoblins
  11 jackals
  2 quokkas
  9 bats
  2 frilled lizards
  17 goblins
  A jackal zombie (D:6)
  14 kobolds
  A leopard gecko skeleton (D:6)
  A leopard gecko zombie (D:7)
  5 rats
214 creatures vanquished.

Vanquished Creatures (others)
  2 two-headed ogres (D:9)
  A komodo dragon (D:6)
  2 hornets (D:9)
  An orc warrior (D:7)
  A killer bee (D:7)
7 creatures vanquished.

Grand Total: 221 creatures vanquished

Notes
Turn   | Place    | Note
-------+----------+-------------------------------------------
     0 | Abyss:1  | Gargoyl the Centaur Abyssal Knight began the quest for the Orb.
     0 | Abyss:1  | Reached XP level 1. HP: 19/19 MP: 2/2
   157 | Abyss:1  | Noticed a small abomination
   171 | D:1      | Escaped the Abyss
   783 | D:1      | Reached XP level 2. HP: 21/26 MP: 3/3
   896 | D:1      | Reached * piety under Lugonu
  1568 | D:2      | Noticed Natasha
  1579 | D:2      | Killed Natasha
  1579 | D:2      | Reached XP level 3. HP: 23/31 MP: 5/5
  1613 | D:2      | Noticed Natasha
  1631 | D:2      | Killed Natasha
  1631 | D:2      | Reached XP level 4. HP: 7/39 MP: 6/6
  1978 | D:2      | Noticed Natasha
  1988 | D:2      | Killed Natasha
  2601 | D:3      | Reached XP level 5. HP: 33/46 MP: 7/7
  2789 | D:3      | Noticed tensugalgo's ghost (amateur NaWn)
  2849 | D:3      | Killed tensugalgo's ghost
  2849 | D:3      | Reached skill level 1 in Dodging
  2849 | D:3      | Reached XP level 6. HP: 32/52 MP: 8/8
  3159 | D:3      | Reached ** piety under Lugonu
  3568 | D:3      | Noticed Ijyb
  3575 | D:3      | Paralysed by Ijyb for 4 turns
  3587 | D:3      | Killed Ijyb
  3754 | D:4      | Noticed a sky beast
  3759 | D:4      | Noticed Menkaure
  4000 | D:3      | Killed Menkaure
  4000 | D:3      | Reached XP level 7. HP: 28/59 MP: 9/9
  4763 | D:4      | Found Caifoica's Food Shoppe.
  4803 | D:5      | Entered Level 5 of the Dungeon
  5002 | D:5      | Found a staircase to the Ecumenical Temple.
  5161 | D:5      | Got a crystal falchion
  5164 | D:5      | Identified the cursed +0 falchion "Orit" {flame, rN+} (You found it on level 5 of the Dungeon)
  5244 | D:5      | Reached skill level 5 in Invocations
  5251 | D:5      | Reached *** piety under Lugonu
  5252 | D:5      | Reached XP level 8. HP: 63/67 MP: 11/11
  5283 | D:5      | Found a sacrificial altar of Ru.
  5833 | D:6      | Reached skill level 5 in Fighting
  5860 | D:6      | Reached skill level 1 in Shields
  6036 | D:6      | Found a bloodstained altar of Trog.
  6037 | D:6      | Noticed Grinder
  6060 | D:6      | Killed Grinder
  6060 | D:6      | Reached skill level 5 in Armour
  6190 | D:6      | Noticed a komodo dragon
  6214 | D:6      | Banished a komodo dragon
  6214 | D:6      | Reached skill level 5 in Axes
  6489 | D:6      | Noticed Sigmund
  6503 | D:6      | Killed Sigmund
  6561 | D:6      | Reached XP level 9. HP: 45/74 MP: 13/13
  6983 | D:6      | Found a glowing golden altar of the Shining One.
  7585 | D:7      | Found a radiant altar of Vehumet.
  8135 | D:7      | Noticed Joseph
  8160 | D:7      | Killed Joseph
 10827 | D:9      | Noticed a two-headed ogre
 10829 | D:9      | Banished a two-headed ogre
 10829 | D:9      | Reached XP level 10. HP: 19/83 MP: 15/15
 10831 | D:9      | Noticed a two-headed ogre
 10834 | D:9      | Banished a two-headed ogre
 12676 | D:9      | Reached **** piety under Lugonu
 13057 | D:9      | Paralysed by a hornet for 2 turns
 13536 | D:10     | Entered Level 10 of the Dungeon
 13615 | D:10     | Got an ancient triple crossbow
 13616 | D:10     | Identified the +9 triple crossbow of Governance {freeze, rF- rC+ Str+4} (You found it on level 10 of the Dungeon)
 14046 | D:10     | Killed from afar by an orc priest

Skill      XL: |  1  2  3  4  5  6  7  8  9 10 |
---------------+-------------------------------+-----
Axes           | 2 3 4 5 6 7 |  7.3
Armour         | 2 3 4 5 7 8 |  8.0
Invocations    | 3 5 6 7 8 |  8.5
Fighting       | 4 5 6 |  6.6
Dodging        | 1 |  1.5
Shields        | 1 2 3 |  3.2

Action                   |  1- 3 |  4- 6 |  7- 9 | 10-12 || total
-------------------------+-------+-------+-------+-------++-------
Melee: Hand axe          |    83 |   168 |   476 |   338 ||  1065
       Kick              |    13 |    35 |   116 |    91 ||   255
       Falchion          |       |       |    16 |       ||    16
Throw: Tomahawk          |       |       |     1 |       ||     1
Invok: Depart the Abyss  |     1 |       |       |       ||     1
       Bend Space        |       |     1 |       |     1 ||     2
       Banish            |       |       |     3 |     5 ||     8
  Use: Scroll            |       |    11 |     7 |     6 ||    24
       Potion            |       |     4 |     2 |     2 ||     8
  Eat: Ration            |     1 |     2 |     4 |     2 ||     9
       Chunk             |       |       |     4 |     4 ||     8
Armor: Plate armour      |   114 |   173 |   430 |   319 ||  1036
       Skin              |       |    20 |       |     1 ||    21
Dodge: Dodged            |     6 |    26 |    33 |    52 ||   117
Block: Shield            |       |     5 |   190 |   189 ||   384
